 Dungeon Crawl Stone Soup version 0.21-a0-110-g8e1637b (webtiles) character file.

791 nikopol the Magician (level 7, 0/38 HPs)
             Began as a Deep Elf Fire Elementalist on July 8, 2017.
             Was an Initiate of Vehumet.
             Killed from afar by an orc wizard (4 damage)
             ... with a puff of flame
             ... on level 6 of the Dungeon.
             The game lasted 00:19:48 (4943 turns).

nikopol the Magician (Deep Elf Fire Elementalist)   Turns: 4943, Time: 00:19:49

Health: 0/38       AC:  4    Str:  5    XL:     7   Next: 57%
Magic:  2/19       EV: 14    Int: 22    God:    Vehumet [......]
Gold:   332        SH:  0    Dex: 15    Spells: 8/19 levels left

rFire    . . .     SeeInvis .   o - +0 short sword
rCold    . . .     Gourm    .   (no shield)
rNeg     . . .     Faith    .   a - +0 robe
rPois    .         Spirit   .   z - +0 helmet
rElec    .         Reflect  .   (no cloak)
rCorr    .         Harm     .   (no gloves)
MR       .....                  y - +0 pair of boots
Stlth    +++.......             (no amulet)
HPRegen  0.12/turn              (no ring)
MPRegen  0.16/turn              (no ring)

@: very slightly contaminated
A: no striking features
a: Renounce Religion


You were on level 6 of the Dungeon.
You worshipped Vehumet.
Vehumet was noncommittal.
You were hungry.

You visited 2 branches of the dungeon, and saw 7 of its levels.

You collected 332 gold pieces.

Inventory:

Hand Weapons
 o - a +0 short sword (weapon)
Armour
 a - a +0 robe (worn)
 y - a +0 pair of boots (worn)
 z - a +0 helmet (worn)
Jewellery
 g - an uncursed ring of resist corrosion {unknown}
 C - an uncursed amulet of regeneration {unknown}
Wands
 w - a wand of polymorph (13/24)
Scrolls
 f - 5 scrolls of identify {unknown}
 h - 2 scrolls of enchant armour {unknown}
 i - 2 scrolls of magic mapping {unknown}
 l - a scroll of immolation {unknown}
 m - a scroll of recharging {unknown}
 n - 2 scrolls of remove curse {unknown}
 r - a scroll of fog {unknown}
 u - 3 scrolls of blinking {unknown}
 x - 4 scrolls of teleportation {unknown}
 A - a scroll of random uselessness {unknown}
 B - a scroll of enchant weapon {unknown}
Potions
 d - 2 potions of heal wounds {unknown}
 e - 3 potions of agility {unknown}
 p - a potion of magic {unknown}
 q - 5 potions of curing {unknown}
 s - a potion of ambrosia {unknown}
 t - 2 potions of haste {unknown}
 v - a potion of mutation {unknown}
Books
 b - a book of Flames

   Spells                             Type                      Level
   a - Flame Tongue                   Conjuration/Fire             1
   b - Throw Flame                    Conjuration/Fire             2
   c - Conjure Flame                  Conjuration/Fire             3
   d - Inner Flame                    Hexes/Fire                   3
   e - Sticky Flame                   Conjuration/Fire             4
   f - Fireball                       Conjuration/Fire             5
Comestibles
 c - 2 bread rations
 j - 2 royal jellies
 k - 4 meat rations


   Skills:
 + Level 1.0 Fighting
 + Level 0.2 Short Blades
 + Level 4.0 Dodging
 + Level 3.7 Stealth
 + Level 6.8 Spellcasting
 + Level 4.4 Conjurations
 + Level 5.6 Fire Magic


You had 8 spell levels left.
You knew the following spells:

 Your Spells              Type           Power        Failure   Level  Hunger
a - Flame Tongue          Conj/Fire      ####.        1%          1    None
b - Throw Flame           Conj/Fire      ####..       1%          2    None
c - Conjure Flame         Conj/Fire      ####....     3%          3    None
d - Fireball              Conj/Fire      ####......   28%         5    #####..


Dungeon Overview and Level Annotations

Branches:
Dungeon (6/15)             Temple (1/1) D:5

Altars:
Ashenzari
Cheibriados
Dithmenos
Elyvilon
Fedhas
Gozag
Hepliaklqana
Kikubaaqudgha
Makhleb
Nemelex Xobeh
Okawaru
Qazlal
Ru
Sif Muna
Trog
Uskayaw
Vehumet
Wu Jian
Xom
Yredelemnul
Zin

Annotations:
D:2 Sigmund


Message History

The puff of flame misses you.
Casting: Flame Tongue
Confirm with . or Enter, or press ? or * to list all spells.
Aiming: Flame Tongue
Press: ? - help, Shift-Dir - straight line, f/p - orc
Aim: an orc, wielding a mace (moderately wounded)
The flame tongue misses the orc.
Something barely misses you.
Casting: Flame Tongue
Confirm with . or Enter, or press ? or * to list all spells.
Aiming: Flame Tongue
Press: ? - help, Shift-Dir - straight line, f/p - orc
Aim: an orc, wielding a mace (moderately wounded)
The flame tongue hits something.
You hear some strange, mumbled words.
A puff of flame appears from out of thin air!
The puff of flame hits you!
You hear some strange, mumbled words.
A puff of flame appears from out of thin air!
The puff of flame hits you!
You die...

######## ###...=..#
.........#######
.........##....#
...........)##.#
............##.############
.........)....o{@.....[..<#
...........################
.................#
......##########.# ......
+#####


You could see an orc.

Vanquished Creatures
  A scorpion (D:4)
  A howler monkey (D:5)
  2 orc wizards
  A gnoll shaman (D:4)
  3 jellies
  2 bullfrog skeletons (D:5)
  2 iguanas
  Jessica (D:2)
  Terence (D:3)
  3 worker ants
  A hound skeleton (D:5)
  A worker ant zombie (D:5)
  7 gnolls
  8 adders
  A shadow imp (D:5)
  7 oozes (D:3)
  An adder skeleton (D:4)
  A worm (D:3)
  A dart slug (D:3)
  5 leopard geckos
  6 orcs
  A ball python (D:2)
  7 bats
  5 giant cockroaches
  10 goblins
  5 hobgoblins
  3 jackals (D:4)
  12 kobolds
  2 quokkas (D:2)
  2 frilled lizards
  7 rats
110 creatures vanquished.

Vanquished Creatures (others)
  A fungus (D:3)
  6 toadstools (D:3)
7 creatures vanquished.

Grand Total: 117 creatures vanquished

Notes
Turn   | Place    | Note
-------+----------+-------------------------------------------
     0 | D:1      | nikopol the Deep Elf Fire Elementalist began the quest for the Orb.
     0 | D:1      | Reached XP level 1. HP: 10/10 MP: 6/6
   320 | D:1      | Reached XP level 2. HP: 15/15 MP: 6/8
   329 | D:1      | Learned a level 2 spell: Throw Flame
   679 | D:2      | Noticed Sigmund
   811 | D:2      | Reached XP level 3. HP: 19/19 MP: 6/10
   816 | D:2      | Learned a level 3 spell: Conjure Flame
   876 | D:2      | Noticed Jessica
   908 | D:2      | Killed Jessica
   908 | D:2      | Reached skill level 4 in Spellcasting
  1023 | D:2      | Reached XP level 4. HP: 24/24 MP: 4/12
  1911 | D:3      | Reached XP level 5. HP: 19/28 MP: 0/13
  2051 | D:3      | Noticed Terence
  2240 | D:3      | Killed Terence
  2792 | D:3      | Reached skill level 5 in Spellcasting
  2809 | D:3      | Reached XP level 6. HP: 28/32 MP: 11/15
  3517 | D:4      | Reached skill level 5 in Fire Magic
  3669 | D:4      | Found an iron altar of Okawaru.
  3933 | D:4      | Reached XP level 7. HP: 37/37 MP: 13/17
  4017 | D:5      | Entered Level 5 of the Dungeon
  4024 | D:5      | Learned a level 5 spell: Fireball
  4029 | D:5      | Reached skill level 6 in Spellcasting
  4133 | D:5      | Reached skill level 1 in Fighting
  4456 | D:5      | Found a staircase to the Ecumenical Temple.
  4462 | Temple   | Entered the Ecumenical Temple
  4626 | Temple   | Became a worshipper of Vehumet
  4943 | D:6      | Killed from afar by an orc wizard

Vault maps used:
D:1:      eino_arrival_water_cross
D:2:      uniq_sigmund, uniq_jessica
D:3:      cheibrodos_fertilizer, uniq_terence
D:4:      first_bread, okawaru_ov_weapons_minmay
D:5:      minmay_temple_entry_hall, serial_curves, eino_curves_01,
          eino_curves_02, eino_curves_02, eino_curves_02
D:6:      bh_walls_and_bars
Temple:   roderic_octagonal_lattice_temple

Skill      XL: |  1  2  3  4  5  6  7 |
---------------+----------------------+-----
Dodging        | 3 4 |  4.0
Spellcasting   | 4 5 6 |  6.8
Fire Magic     | 4 5 |  5.6
Conjurations   | 2 3 4 |  4.4
Stealth        | 3 |  3.7
Fighting       | 1 |  1.0
Short Blades   | |  0.2

Action                   |  1- 3 |  4- 6 |  7- 9 || total
-------------------------+-------+-------+-------++-------
Melee: Short sword       |       |     5 |     3 ||     8
 Cast: Flame Tongue      |    52 |   151 |    45 ||   248
       Throw Flame       |     1 |     5 |     8 ||    14
       Conjure Flame     |       |     3 |     1 ||     4
  Eat: Chunk             |       |     9 |     3 ||    12
Armor: Robe              |     3 |     3 |     4 ||    10
Dodge: Dodged            |    14 |    35 |    16 ||    65
